 Dungeon Crawl Stone Soup version 0.30.1-4-g462c640d31 (webtiles) character file.

Game seed: 15771680757561525408

135 arglypuff the Insei (level 5, -1/32 (33) HPs)
             Began as a Meteoran Transmuter on Sept 9, 2023.
             Slain by a kobold
             ... wielding a +3 whip of draining
              (6 damage)
             ... on level 4 of the Dungeon.
             The game lasted 00:12:47 (1809 turns).

arglypuff the Insei (Meteoran Transmuter)           Turns: 1809, Time: 00:12:47

HP:   -1/32 (33)    AC:  2    Str: 19    XL:     5   Next: 70%
MP:   0/10          EV: 13    Int: 13    God:
Gold: 169           SH:  0    Dex: 18    Spells: 7/10 levels left

rFire   . .          .
                       - Unarmed
rCold   + . .        (no shield)
rNeg    . . .        a - +0 robe
rPois   .            (no helmet)
rElec   .            (no cloak)
rCorr   .            (no gloves)
SInv    +            (no boots)
Will    .....        c - amulet of guardian spirit
Stlth   +            q - +6 ring of strength
HPRegen 0.25/turn    (no ring)
MPRegen 0.12/turn

%: guardian spirit
@: wereblooded, glowing, lightly drained
A: sense surroundings 1, otherworldly, glowing, explore regen, see invisible,
agile 1, cold resistance 1
a: no special abilities


You were on level 4 of the Dungeon.
You visited 1 branch of the dungeon, and saw 4 of its levels.

You collected 169 gold pieces.

Inventory:

Hand Weapons
 o - a +1 dagger of speed
Armour
 a - a +0 robe (worn)
Jewellery
 c - an amulet of guardian spirit (around neck)
 q - a +6 ring of strength (left hand)
 s - an amulet of faith
Wands
 j - a wand of quicksilver (7)
Scrolls
 g - a scroll of amnesia {unknown}
 h - 2 scrolls of identify {unknown}
 i - a scroll of poison {unknown}
 k - 2 scrolls of magic mapping {unknown}
 l - a scroll of fog {unknown}
 p - 2 scrolls of noise {unknown}
 r - a scroll of enchant weapon {unknown}
 t - 2 scrolls of vulnerability {unknown}
Potions
 b - a potion of lignification
 d - a potion of mutation
 e - a potion of cancellation {unknown}
 f - a potion of ambrosia {unknown}
 m - 3 potions of curing {unknown}
 n - a potion of berserk rage {unknown}


   Skills:
 + Level 2.3 Fighting
 + Level 3.2 Dodging
 + Level 5.4 Unarmed Combat
 + Level 3.2 Spellcasting
 + Level 2.9 Transmutations


You had 7 spell levels left.
You knew the following spells:

 Your Spells              Type           Power      Damage    Failure   Level
a - Beastly Appendage     Tmut           18%        N/A       7%          1
b - Wereblood             Tmut           9%         N/A       11%         2

Your spell library contained the following spells:

 Spells                   Type           Power      Damage    Failure   Level
 Spider Form              Tmut/Pois      5%         N/A       36%         3
 Ice Form                 Ice/Tmut       5%         N/A       77%         4


Dungeon Overview and Level Annotations

Branches:
Dungeon (4/15) Zot: 808
 Temple: D:4-7

Altars:
Hepliaklqana
Nemelex Xobeh
Qazlal


Innate Abilities, Weirdness & Mutations

You passively map a small area around you.
You are easily found by Zot.
You glow in the dark.
You regain HP and MP as you explore.
You have supernaturally acute eyesight. (SInv)
You are agile. (Dex +4, Str/Int -1)
Your flesh is cold resistant. (rC+)


Message History

The iguana hisses angrily.
You hear a shout! x2
An ufetubus comes into view.
Casting: Beastly Appendage (safe; 7% risk of failure)
Confirm with . or Enter, or press ? or * to list all spells.
Your blood is infused with primal strength.
You barely miss the iguana. The iguana bites you.
The ufetubus hits you but does no damage.
The ufetubus hits you. The iguana bites you!
The iguana attacks as you move away! The iguana bites you.
A kobold comes into view. It is wielding a +3 whip of draining.
The kobold shouts!
The ufetubus barely misses you. The ufetubus misses you.
The ufetubus attacks as you move away! The ufetubus barely misses you.
The ufetubus hits you but does no damage.
You closely miss the ufetubus. The ufetubus hits you. The ufetubus misses you.
You hit the ufetubus.
The ufetubus is almost dead.
The ufetubus closely misses you. The ufetubus hits you. x2
The ufetubus misses you.
You barely miss the ufetubus.
The ufetubus is almost dead.
The ufetubus barely misses you. The ufetubus hits you.
* * * LOW HITPOINT WARNING * * *
You hit the ufetubus.
You feel a bit better.
You kill the ufetubus!
You barely miss the iguana.
The kobold hits you with a +3 whip of draining.
You feel drained. The iguana bites you!
* * * LOW HITPOINT WARNING * * *
You hit the iguana.
The iguana is lightly wounded.
The kobold misses you. The iguana barely misses you.
You hit the iguana.
The iguana is heavily wounded.
The kobold misses you. The iguana misses you.
You punch the iguana!
You feel a bit better.
You kill the iguana!
The kobold hits you with a +3 whip of draining.
You die...

.#.#[.......#
#.#
..#.#.##.####
#.# ..#..##.#
#.# ..#...>#
#.# * #.#...#
#.# * ,
#.#..# * *
*#..#.# .
##.K## *
..#*###@#
.... ##.## *
#..#...##
#......##
#.......#
#.......#
#.......#
##.....## *
###..## *


You could see a kobold.

Vanquished Creatures
  An iguana (D:4)
  Robin (D:2)
  4 adders
  An ufetubus (D:4)
  2 worms
  A dart slug (D:3)
  7 ball pythons
  9 bats
  4 endoplasms
  A giant cockroach (D:2)
  10 goblins
  6 hobgoblins
  4 jackals (D:2)
  4 kobolds
  6 quokkas
  4 frilled lizards
  5 rats
70 creatures vanquished.

Notes
Turn   | Place    | Note
-------+----------+-------------------------------------------
     0 | D:1      | arglypuff the Meteoran Transmuter began the quest for the
                  | Orb.
     0 | D:1      | Reached XP level 1. HP: 16/16 MP: 5/5
    72 | D:1      | Reached XP level 2. HP: 18/23 MP: 6/6
   330 | D:1      | Reached XP level 3. HP: 19/28 MP: 4/8
   345 | D:1      | Reached skill level 4 in Unarmed Combat
   505 | D:1      | Glimpsed the power of Zot.
   622 | D:2      | Reached XP level 4. HP: 32/35 MP: 7/9
   699 | D:2      | Identified the +2 helmet of the Black Moon {rF- Regen+
                  | Int+3}
   699 | D:2      | Noticed Robin
   732 | D:2      | Killed Robin
   777 | D:2      | Learned a level 2 spell: Wereblood
   810 | D:2      | Reached skill level 5 in Unarmed Combat
   810 | D:2      | Reached XP level 5. HP: 33/41 MP: 10/10
  1113 | D:1      | Glimpsed the power of Zot.
  1163 | D:1      | Glimpsed the power of Zot.
  1202 | D:2      | Glimpsed the power of Zot.
  1212 | D:2      | Touched by the power of Zot.
  1346 | D:3      | Identified the +8 spear of the Evening {protect, Will++}
  1366 | D:3      | Found a hazy altar of Hepliaklqana.
  1395 | D:3      | Found a stormy altar of Qazlal.
  1548 | D:3      | Found a sparkling altar of Nemelex Xobeh.
  1667 | D:4      | Gained mutation: Your flesh is cold resistant. (rC+)
                  | [potion of mutation]
  1667 | D:4      | Gained mutation: You are agile. (Dex +4, Str/Int -1)
                  | [potion of mutation]
  1667 | D:4      | Gained mutation: You have supernaturally acute eyesight.
                  | (SInv) [potion of mutation]
  1806 | D:4      | HP: 1/32 [iguana (10)]
  1809 | D:4      | Slain by a kobold

Illustrated notes

Levels and vault maps discovered:
D:1:      scummos_arrival_star, layout_basic
D:2:      layout_rooms, uniq_robin
D:3:      layout_rooms, lemuel_tele_altar, mainiacjoe_overflow_chevrons,
          nicolae_qazlal_scattered_showers, nicolae_elevator_lobby_plus
D:4:      layout_loops_ring, minitemple, minmay_temple_entry_statues_fountains,
          serial_forest, infiniplex_forest_split,
          infiniplex_forest_lined_room_2, infiniplex_forest_straight_4,
          infiniplex_forest_straight_2, infiniplex_forest_lined_ring,
          infiniplex_forest_clump_long, infiniplex_forest_lined_2,
          infiniplex_forest_straight_3, infiniplex_forest_straight_4,
          hangedman_abyss_or_decor_slice, grunt_decor_fettered

Skill      XL: |  1  2  3  4  5 |
---------------+----------------+-----
Unarmed Combat | 4 5 |  5.4
Spellcasting   | 3 |  3.2
Dodging        | 3 |  3.2
Fighting       | 2 |  2.3
Transmutations | |  2.9

Action                     |  1- 3 |  4- 6 || total
---------------------------+-------+-------++-------
  Melee: Unarmed           |   115 |   108 ||   223
         Kick              |     6 |     7 ||    13
         Punch             |     4 |     2 ||     6
         Headbutt          |     1 |     4 ||     5
   Cast: Beastly Appendage |     3 |     4 ||     7
         Wereblood         |       |     1 ||     1
    Use: Potion            |       |     1 ||     1
 Armour: Robe              |    33 |    14 ||    47
  Dodge: Dodged            |    70 |    60 ||   130
